[Event "Czech Juniors Boys 2024"]
[Site "Jaromerice nad Rokytnou"]
[Date "2024.03.14"]
[Round "9.5"]
[White "Hak, David"]
[Black "Jun, Rudolf"]
[Result "0-1"]
[ECO "B33"]
[WhiteElo "2283"]
[BlackElo "2243"]
[Annotator "TA"]
[PlyCount "116"]
[EventDate "2024.03.10"]
[EventType "tourn"]
[EventCountry "CZE"]
[SourceTitle "playchess.com"]
[Source "ChessBase"]
[SourceQuality "1"]
[TimeControl "40/5400+30:1800+30"]

1. e4 c5 2. Nf3 Nc6 3. d4 cxd4 4. Nxd4 Nf6 5. Nc3 e5 6. Ndb5 d6 7. Nd5 Nxd5 8. exd5 Ne7 9. c4 Ng6 10. Qa4 Bd7 11. Qb4 Bf5 12. Be3 b6 13. a4 ({Better is} 13. h4 $14) 13... a6 (13... Be7 $11 {remains equal.}) 14. Nc3 $16 Rb8 15. Be2 (15. a5 $14 bxa5 16. Qxa5) 15... Nf4 16. Bxf4 exf4 17. O-O Be7 18. Rad1 Bf6 19. Bd3 Bxd3 20. Rxd3 O-O 21. Ne2 Re8 22. Qd2 Re4 23. Nd4 Bxd4 (23... Qd7 $15) 24. Rxd4 $11 Qe7 25. Rxe4 Qxe4 {[%emt 0:00:02][%mdl 4096] Endgame. KQR-KQR} 26. Qb4 Re8 27. Qxb6 (27. Qxd6 Qxc4 28. h4 (28. Qxb6 Qxd5 29. Qxa6 h6 $16) 28... h6 $14) 27... Qxc4 28. Qxd6 Qxa4 29. Qc7 f3 $1 30. gxf3 {[%emt 0:01:03] [#] aiming for d6.} Qb5 (30... Qb3 31. Qc6 Kf8 32. d6 $14 (32. Qxa6 Qxd5 33. Qa3+ Kg8 $11)) 31. Qd6 (31. d6 $5 Qg5+ $8 32. Kh1 $11) 31... h5 32. Rc1 Qxb2 33. Qc6 Rd8 34. Re1 {[%emt 0:00:01] Wards off Qe5} Qb5 35. Ra1 $2 {[%emt 0:01:27] White does not recover from this.} (35. Re5 $11 {and White is okay.}) 35... Rxd5 $19 36. Qxb5 axb5 {[%emt 0:00:07] KR-KR} (36... Rxb5 37. Rxa6 g6 38. Kf1 $11) 37. Ra8+ Kh7 38. Rb8 Kg6 39. Kg2 Rf5 40. Rb7 Kg5 41. Re7 Kf6 42. Re8 g6 43. Kg3 Rg5+ 44. Kf4 Rc5 45. Rb8 Rc4+ 46. Kg3 $2 (46. Ke3 Rc3+ 47. Ke4) 46... h4+ 47. Kh3 b4 48. Rb7 Ke6 49. Rb6+ Ke5 50. Kg2 Rf4 (50... Kd4 $142 51. Rb7 Kc3) 51. Kf1 Kd5 ({Weaker is} 51... Rxf3 52. Rxb4 h3 53. Rb5+ Kf6 54. Ke2 $17) 52. Ke2 Kc4 53. Ke3 g5 {[%emt 0:00:15] [#] Hoping for ...Kc3.} 54. Rb8 Kc3 {[%emt 0:00:16] Threatens to win with ...f6.} 55. Ke2 b3 {[%emt 0:00:49] Black mates.} 56. Rd8 b2 57. Rd3+ Kc2 58. Rd2+ Kb3 {[%emt 0:00:11] Weighted Error Value: White=0.68/Black=0.24 (precise) .  Loses game:     	White=1     	---        Mistake:       	White=3     	Black=2      Inaccurate:     	White=4     	Black=2      OK:         	White=11    	Black=13     Best:        	White=1     	Black=5      Strong:       	---       	Black=1} 0-1

[Event "Czech Juniors Boys 2024"]
[Site "Jaromerice nad Rokytnou"]
[Date "2024.03.14"]
[Round "9.6"]
[White "Frank, Adam"]
[Black "Jares, Michal"]
[Result "1/2-1/2"]
[ECO "B15"]
[WhiteElo "2284"]
[BlackElo "2347"]
[Annotator "RC"]
[PlyCount "64"]
[EventDate "2024.03.10"]
[EventType "tourn"]
[EventCountry "CZE"]
[SourceTitle "playchess.com"]
[Source "ChessBase"]
[SourceQuality "1"]
[TimeControl "40/5400+30:1800+30"]

1. e4 c6 2. d4 d5 3. Nd2 dxe4 4. Nxe4 Nf6 5. Nxf6+ exf6 6. c3 g6 7. h4 h5 8. Bd3 Bg7 9. Ne2 O-O 10. O-O Re8 11. Be3 Bg4 12. Qd2 Nd7 13. Rfe1 Bxe2 14. Rxe2 f5 15. Rae1 Nf6 16. f3 Qd7 17. Bc4 Re7 18. Bg5 Rae8 19. Qf4 Rxe2 20. Rxe2 b5 21. Rxe8+ Qxe8 22. Bb3 Nd5 23. Bxd5 cxd5 24. Qd6 Kh7 25. Kf2 Qe6 26. Qb8 Qd7 27. Qa8 b4 28. a3 bxa3 29. bxa3 Qa4 30. Qxd5 Qc2+ 31. Kg3 Qxc3 32. Qxf7 Qxd4 1/2-1/2

[Event "Czech Juniors Boys 2024"]
[Site "Jaromerice nad Rokytnou"]
[Date "2024.03.15"]
[Round "10.1"]
[White "Lang, Simon"]
[Black "Jares, Michal"]
[Result "0-1"]
[ECO "B19"]
[WhiteElo "2043"]
[BlackElo "2347"]
[Annotator "TA"]
[PlyCount "162"]
[EventDate "2024.03.10"]
[EventType "tourn"]
[EventCountry "CZE"]
[SourceTitle "playchess.com"]
[Source "ChessBase"]
[SourceQuality "1"]
[TimeControl "40/5400+30:1800+30"]

1. e4 c6 2. d4 d5 3. Nc3 dxe4 4. Nxe4 Bf5 5. Ng3 Bg6 6. Nf3 Nd7 7. h4 h6 8. h5 Bh7 9. Bd3 Bxd3 10. Qxd3 e6 11. Bd2 Ngf6 12. O-O-O Be7 13. Ne4 Nxe4 14. Qxe4 Nf6 15. Qe2 Qd5 16. c4 Qe4 17. Qxe4 Nxe4 18. Be3 Rd8 19. Kc2 O-O 20. Rhe1 Nf6 21. Rh1 Ng4 22. Rhe1 Bf6 23. Rd2 Nxe3+ 24. Rxe3 Rd7 25. Red3 Rfd8 26. Ne5 Rc7 27. f4 Rd6 28. Kd1 Kf8 29. Ke2 Ke8 30. Kf3 Be7 31. Ke4 f5+ 32. Kf3 Bf6 33. Ke2 Rd8 34. g4 fxg4 35. Rg3 Rd6 36. Rxg4 (36. Nxg4 Bxd4 (36... Rxd4 $2 37. Nxf6+ Kf7 38. Rxd4 $18) 37. Kf3 c5 $17) 36... c5 37. d5 exd5 38. Rxd5 Ra6 39. Rg2 Rxa2 40. Kd3 b6 41. Ke4 Ra1 42. Kf5 Re1 43. Ke6 ({White should play} 43. Rgd2 $11) 43... Rh1 (43... Rb7 $15) 44. Kd6 $11 Re7 45. Ng6 Re4 (45... Rd7+ $6 46. Kc6 Rd1 47. Ne5 Bxe5 48. fxe5 $18) 46. Kc7 Rhe1 ({Weaker is} 46... Rxc4 47. Re2+) 47. Ne5 $2 (47. b3 $11) 47... Rxf4 $19 (47... Bxe5+ 48. fxe5 Kf7 49. Rf2+ (49. Rd7+ Ke6 $11) 49... Ke7 50. b3 $16) 48. Nc6 (48. Nd7 {might work better.}) 48... Rxc4 $19 49. Nxa7 Rb4 50. Nc8 Rxb2 51. Rxb2 Bxb2 52. Nxb6 Bd4 53. Kd6 Re7 54. Rf5 Rf7 55. Rd5 Rf6+ 56. Kc7 Re6 57. Rf5 Re5 58. Rf3 Rxh5 59. Kd6 Bf6 60. Nd5 Kf7 61. Kxc5 Ke6 62. Re3+ Re5 63. Kc4 Rxe3 64. Nxe3 Ke5 65. Kd3 h5 66. Ke2 g5 67. Kf3 Be7 68. Ng2 Bc5 69. Ne1 Kf5 70. Kg2 g4 71. Kg3 Be7 72. Nd3 Kg5 73. Kg2 Bd8 74. Nf2 Kf5 75. Kh2 Bb6 76. Nd3 h4 77. Ne1 Bc7+ 78. Kh1 h3 79. Nd3 g3 80. Nf2 g2+ 81. Kg1 Bb6 0-1

[Event "Czech Juniors Boys 2024"]
[Site "Jaromerice nad Rokytnou"]
[Date "2024.03.15"]
[Round "10.2"]
[White "Jun, Rudolf"]
[Black "Frank, Adam"]
[Result "0-1"]
[ECO "C95"]
[WhiteElo "2243"]
[BlackElo "2284"]
[Annotator "RC"]
[PlyCount "76"]
[EventDate "2024.03.10"]
[EventType "tourn"]
[EventCountry "CZE"]
[SourceTitle "playchess.com"]
[Source "ChessBase"]
[SourceQuality "1"]
[TimeControl "40/5400+30:1800+30"]

1. e4 e5 2. Nf3 Nc6 3. Bb5 a6 4. Ba4 Nf6 5. O-O b5 6. Bb3 Be7 7. Re1 d6 8. c3 O-O 9. h3 Nb8 10. a4 Bb7 11. Bc2 Nbd7 12. d4 Re8 13. dxe5 dxe5 14. Bg5 h6 15. Bh4 Nh5 16. Bxe7 Qxe7 17. axb5 Nf4 18. g3 Nxh3+ 19. Kg2 Ng5 20. Nxg5 hxg5 21. bxa6 Bxa6 22. Ba4 Red8 23. Qh5 g6 24. Qh3 Nc5 25. Rh1 Qf6 26. Qh7+ Kf8 27. Qh8+ Ke7 28. Qxf6+ Kxf6 29. b3 Bb7 30. g4 Bxe4+ 31. f3 Bc6 32. Na3 Nxa4 33. bxa4 Rd3 34. Kf2 Rxa4 35. Rhc1 Rxf3+ 36. Ke2 Rxg4 37. Rg1 Rxg1 38. Rxg1 Rxc3 0-1

[Event "Czech Juniors Boys 2024"]
[Site "Jaromerice nad Rokytnou"]
[Date "2024.03.15"]
[Round "10.3"]
[White "Seidl, Jan"]
[Black "Hak, David"]
[Result "0-1"]
[ECO "D74"]
[WhiteElo "2230"]
[BlackElo "2283"]
[Annotator "RC"]
[PlyCount "84"]
[EventDate "2024.03.10"]
[EventType "tourn"]
[EventCountry "CZE"]
[SourceTitle "playchess.com"]
[Source "ChessBase"]
[SourceQuality "1"]
[TimeControl "40/5400+30:1800+30"]

1. d4 Nf6 2. c4 g6 3. g3 Bg7 4. Bg2 O-O 5. Nc3 Nc6 6. Nf3 d5 7. cxd5 Nxd5 8. O-O Nxc3 9. bxc3 Na5 10. Bf4 b6 11. Qd3 Bb7 12. Rac1 c5 13. e4 Rc8 14. d5 Qd7 15. c4 Ba6 16. Nd2 Bb2 17. Rc2 Bd4 18. Nb3 Qa4 19. Nxd4 cxd4 20. Rfc1 Rxc4 21. Rxc4 Nxc4 22. Qxd4 Rd8 23. Bf1 Rc8 24. Bh6 f6 25. d6 Kf7 26. dxe7 Kxe7 27. e5 fxe5 28. Bg5+ Kf8 29. Qh4 Qd7 30. Bh6+ Ke8 31. Qf6 Qf7 32. Qh4 b5 33. Rd1 Bb7 34. Rd3 e4 35. Rd4 a6 36. Bh3 Ne5 37. Rxe4 Bxe4 38. Qxe4 Rc5 39. Be3 Qd5 40. Qf4 Nf3+ 41. Kh1 Qd1+ 42. Kg2 Ne1+ 0-1

[Event "Czech Juniors Boys 2024"]
[Site "Jaromerice nad Rokytnou"]
[Date "2024.03.15"]
[Round "10.4"]
[White "Soucek, Petr"]
[Black "Bohacek, Jan Andrej"]
[Result "1/2-1/2"]
[ECO "B12"]
[WhiteElo "2209"]
[BlackElo "2140"]
[Annotator "RC"]
[PlyCount "89"]
[EventDate "2024.03.10"]
[EventType "tourn"]
[EventCountry "CZE"]
[SourceTitle "playchess.com"]
[Source "ChessBase"]
[SourceQuality "1"]
[TimeControl "40/5400+30:1800+30"]

1. e4 c6 2. d4 d5 3. e5 c5 4. dxc5 e6 5. a3 Bxc5 6. Bd3 Nd7 7. Nf3 f6 8. b4 Be7 9. Bb2 a5 10. O-O Nh6 11. c4 Nxe5 12. Nxe5 fxe5 13. cxd5 O-O 14. Nc3 axb4 15. axb4 Rxa1 16. Bxa1 Bxb4 17. Qb3 Bxc3 18. Bxc3 exd5 19. Bxe5 Ng4 20. Bg3 Nf6 21. Rd1 Qe7 22. f3 Kh8 23. Bf2 Qe5 24. Re1 Qg5 25. Qb4 Rg8 26. Bf1 Qf5 27. Bd4 Qf4 28. Qc3 Bd7 29. Re5 Rc8 30. Qe3 Qxe3+ 31. Rxe3 Re8 32. Kf2 Kg8 33. g4 Kf7 34. Bd3 h6 35. h4 Rxe3 36. Kxe3 Bc6 37. Kf4 Nd7 38. h5 b5 39. Bg6+ Kf8 40. Kf5 b4 41. Ke6 b3 42. Bd3 b2 43. Bg6 Nf6 44. Bxb2 d4 45. Bxd4 1/2-1/2

[Event "Czech Juniors Boys 2024"]
[Site "Jaromerice nad Rokytnou"]
[Date "2024.03.15"]
[Round "10.5"]
[White "Vilimek, Vit"]
[Black "Bokhnak, Timofey"]
[Result "1-0"]
[ECO "B23"]
[WhiteElo "2061"]
[BlackElo "2241"]
[Annotator "RC"]
[PlyCount "84"]
[EventDate "2024.03.10"]
[EventType "tourn"]
[EventCountry "CZE"]
[SourceTitle "playchess.com"]
[Source "ChessBase"]
[SourceQuality "1"]
[TimeControl "40/5400+30:1800+30"]

1. e4 c5 2. Nc3 e6 3. f4 d5 4. d3 Nc6 5. Nf3 a6 6. g3 dxe4 7. dxe4 Qxd1+ 8. Nxd1 b6 9. c3 Bb7 10. Bd3 O-O-O 11. Nf2 Be7 12. Be3 Nf6 13. O-O-O Nd7 14. a4 Na5 15. Nd2 Kc7 16. Kc2 Bc6 17. Ra1 Ra8 18. Rhd1 Rhb8 19. Rdb1 b5 20. axb5 axb5 21. b4 cxb4 22. cxb4 Nc4 23. Nxc4 bxc4 24. Bxc4 Rxa1 25. Rxa1 Rxb4 26. Kc3 Rb7 27. Bd4 Bb4+ 28. Kd3 Bc5 29. Bxc5 Nxc5+ 30. Kd4 Nb3+ 31. Bxb3 Rxb3 32. Ra7+ Bb7 33. Nd3 Kd6 34. Ne5 Kc7 35. Nxf7 Kb6 36. Ra4 Bc6 37. Rc4 Rb2 38. Ng5 Bd7 39. Nxh7 Rxh2 40. Nf8 Bb5 41. Rc3 Rh6 42. Ke5 Rf6 1-0

[Event "Czech Juniors Boys 2024"]
[Site "Jaromerice nad Rokytnou"]
[Date "2024.03.15"]
[Round "10.6"]
[White "Skypala, Ondrej"]
[Black "Paseka, Matyas"]
[Result "1-0"]
[ECO "A02"]
[WhiteElo "2234"]
[BlackElo "2233"]
[Annotator "ChessBase"]
[PlyCount "53"]
[EventDate "2024.03.10"]
[EventType "tourn"]
[EventCountry "CZE"]
[SourceTitle "playchess.com"]
[Source "ChessBase"]
[SourceQuality "1"]
[TimeControl "40/5400+30:1800+30"]

1. f4 Nf6 2. Nf3 g6 3. g3 Bg7 4. Bg2 d6 5. O-O Nbd7 6. d3 e5 7. Nc3 c6 8. e4 b5 9. Kh1 Qc7 10. d4 b4 11. dxe5 dxe5 12. fxe5 bxc3 13. exf6 Bxf6 14. Bf4 cxb2 15. Rb1 Qb6 16. e5 Bg7 17. e6 fxe6 18. Qd6 Nb8 19. Bg5 Bf8 20. Qe5 Rg8 21. Rxb2 Bg7 22. Qd6 Bf8 23. Qf4 Qxb2 24. Ne5 Qb7 25. Rd1 Qc7 26. Rd8+ Qxd8 27. Qf7# 1-0

[Event "Czech Juniors Boys 2024"]
[Site "Jaromerice nad Rokytnou"]
[Date "2024.03.16"]
[Round "11.1"]
[White "Paseka, Matyas"]
[Black "Lang, Simon"]
[Result "1-0"]
[ECO "C04"]
[WhiteElo "2233"]
[BlackElo "2043"]
[Annotator "RC"]
[PlyCount "67"]
[EventDate "2024.03.10"]
[EventType "tourn"]
[EventCountry "CZE"]
[SourceTitle "playchess.com"]
[Source "ChessBase"]
[SourceQuality "1"]
[TimeControl "40/5400+30:1800+30"]

1. e4 e6 2. d4 d5 3. Nd2 Nc6 4. Ngf3 Nf6 5. e5 Nd7 6. Be2 f6 7. exf6 Qxf6 8. Nf1 Bd6 9. Ne3 b6 10. O-O Bb7 11. Ng4 Qf5 12. Nh4 Qf7 13. c3 e5 14. dxe5 Ncxe5 15. Nxe5 Bxe5 16. f4 Bf6 17. Nf3 O-O-O 18. a4 a5 19. Be3 Rhe8 20. Bd4 Re4 21. Ng5 Bxg5 22. fxg5 Qe7 23. Bd3 Re6 24. Qg4 c5 25. Bxg7 Rg8 26. Bf5 Rd6 27. Bf6 Qe3+ 28. Kh1 Kc7 29. Bxd7 Rxd7 30. Rae1 Qd2 31. Qe6 d4 32. Be5+ Kc8 33. Qxg8+ Rd8 34. Qe6+ 1-0

[Event "Czech Juniors Boys 2024"]
[Site "Jaromerice nad Rokytnou"]
[Date "2024.03.16"]
[Round "11.2"]
[White "Bokhnak, Timofey"]
[Black "Skypala, Ondrej"]
[Result "1-0"]
[ECO "B01"]
[WhiteElo "2241"]
[BlackElo "2234"]
[Annotator "RC"]
[PlyCount "61"]
[EventDate "2024.03.10"]
[EventType "tourn"]
[EventCountry "CZE"]
[SourceTitle "playchess.com"]
[Source "ChessBase"]
[SourceQuality "1"]
[TimeControl "40/5400+30:1800+30"]

1. e4 d5 2. exd5 Qxd5 3. d4 Nf6 4. Nf3 Bg4 5. Be2 Nc6 6. O-O O-O-O 7. Be3 e6 8. Nbd2 Bd6 9. Re1 Qf5 10. Nc4 e5 11. c3 e4 12. Nxd6+ Rxd6 13. Nd2 h5 14. Nc4 Rd7 15. b4 Nd5 16. Qc2 Bxe2 17. Rxe2 h4 18. f3 Nf6 19. Nd2 Re7 20. Bf2 h3 21. Nxe4 Nxe4 22. fxe4 Qg4 23. Bg3 f5 24. Rf1 Rxe4 25. Rxe4 fxe4 26. Rf4 Qh5 27. Rh4 Qe8 28. Qxe4 Qxe4 29. Rxe4 hxg2 30. d5 Nb8 31. Re7 1-0

[Event "Czech Juniors Boys 2024"]
[Site "Jaromerice nad Rokytnou"]
[Date "2024.03.16"]
[Round "11.3"]
[White "Bohacek, Jan Andrej"]
[Black "Vilimek, Vit"]
[Result "1/2-1/2"]
[ECO "A90"]
[WhiteElo "2140"]
[BlackElo "2061"]
[Annotator "RC"]
[PlyCount "84"]
[EventDate "2024.03.10"]
[EventType "tourn"]
[EventCountry "CZE"]
[SourceTitle "playchess.com"]
[Source "ChessBase"]
[SourceQuality "1"]
[TimeControl "40/5400+30:1800+30"]

1. d4 f5 2. c4 e6 3. Nf3 d5 4. g3 Nf6 5. Bg2 c6 6. O-O h6 7. Nbd2 Nbd7 8. Qc2 Bd6 9. Ne1 g5 10. Nd3 g4 11. b4 h5 12. b5 h4 13. bxc6 bxc6 14. Rd1 hxg3 15. hxg3 Ne4 16. Nf1 Ba6 17. cxd5 cxd5 18. Qc6 Qc8 19. Qxc8+ Rxc8 20. Re1 Kf7 21. Bf4 Ba3 22. Ne5+ Nxe5 23. Bxe5 Rhd8 24. f3 Nc3 25. fxg4 Bb2 26. gxf5 exf5 27. Rab1 Nxb1 28. Rxb1 Bc1 29. Bf3 Ke6 30. Kf2 Rc2 31. Ne3 Bxe3+ 32. Kxe3 Rxa2 33. Rh1 Bc4 34. Rh6+ Kd7 35. Rd6+ Kc8 36. Rc6+ Kd7 37. Rc7+ Ke6 38. Rc6+ Ke7 39. Rh6 Rg8 40. Rh7+ Kd8 41. Rb7 Rg6 42. Kf4 Rb6 1/2-1/2

[Event "Czech Juniors Boys 2024"]
[Site "Jaromerice nad Rokytnou"]
[Date "2024.03.16"]
[Round "11.4"]
[White "Hak, David"]
[Black "Soucek, Petr"]
[Result "1-0"]
[ECO "D38"]
[WhiteElo "2283"]
[BlackElo "2209"]
[Annotator "RC"]
[PlyCount "103"]
[EventDate "2024.03.10"]
[EventType "tourn"]
[EventCountry "CZE"]
[SourceTitle "playchess.com"]
[Source "ChessBase"]
[SourceQuality "1"]
[TimeControl "40/5400+30:1800+30"]

1. d4 Nf6 2. c4 e6 3. Nc3 d5 4. Nf3 Bb4 5. Qa4+ Nc6 6. e3 O-O 7. Be2 dxc4 8. Bxc4 Re8 9. O-O Bf8 10. Rd1 Bd7 11. Qc2 h6 12. e4 e5 13. Qb3 Qe7 14. Nxe5 Nxe5 15. dxe5 Ng4 16. Bxf7+ Qxf7 17. Qxf7+ Kxf7 18. Rxd7+ Re7 19. Rxe7+ Bxe7 20. Bf4 Ke6 21. Nb5 Rc8 22. Nd4+ Kf7 23. h3 Bc5 24. Rd1 Rd8 25. e6+ Ke8 26. hxg4 Bxd4 27. Rd2 c5 28. g5 hxg5 29. Bxg5 Rd6 30. Be3 Ke7 31. Bxd4 cxd4 32. Kf1 g5 33. Ke2 Kxe6 34. Kd3 Ra6 35. b3 Ke5 36. Rc2 Ra5 37. f3 b6 38. a4 g4 39. fxg4 Kf4 40. Kxd4 Kxg4 41. e5 Kf5 42. g4+ Ke6 43. Rc6+ Kd7 44. Rd6+ Ke7 45. Rd5 Ra6 46. Rb5 Ke6 47. g5 Kf5 48. Kd5 Kxg5 49. Kd6 Kg6 50. e6 Kf6 51. e7 Kf7 52. Kd7 1-0

[Event "Czech Juniors Boys 2024"]
[Site "Jaromerice nad Rokytnou"]
[Date "2024.03.16"]
[Round "11.5"]
[White "Frank, Adam"]
[Black "Seidl, Jan"]
[Result "1-0"]
[ECO "B19"]
[WhiteElo "2284"]
[BlackElo "2230"]
[Annotator "RC"]
[PlyCount "79"]
[EventDate "2024.03.10"]
[EventType "tourn"]
[EventCountry "CZE"]
[SourceTitle "playchess.com"]
[Source "ChessBase"]
[SourceQuality "1"]
[TimeControl "40/5400+30:1800+30"]

1. e4 c6 2. d4 d5 3. Nc3 dxe4 4. Nxe4 Bf5 5. Ng3 Bg6 6. h4 h6 7. Nf3 Nd7 8. h5 Bh7 9. Bd3 Bxd3 10. Qxd3 e6 11. Bd2 Ngf6 12. O-O-O Be7 13. Kb1 O-O 14. Ne4 c5 15. g4 Nxg4 16. Qe2 Qb6 17. Ne5 Ndxe5 18. dxe5 f5 19. exf6 Nxf6 20. Nxf6+ Bxf6 21. c3 Rad8 22. Rhg1 Kf7 23. Ka1 Rd5 24. Bf4 Rfd8 25. Rde1 Rd3 26. Qg4 R8d5 27. Qg6+ Ke7 28. Qh7 Rf3 29. Rxg7+ Bxg7 30. Qxg7+ Kd8 31. Bc7+ Qxc7 32. Qg8+ Rf8 33. Qxf8+ Kd7 34. Qxh6 Qd6 35. Qh7+ Ke8 36. Qg6+ Ke7 37. Qg7+ Ke8 38. Qg4 Kd7 39. h6 Rd2 40. h7 1-0

[Event "Czech Juniors Boys 2024"]
[Site "Jaromerice nad Rokytnou"]
[Date "2024.03.16"]
[Round "11.6"]
[White "Jares, Michal"]
[Black "Jun, Rudolf"]
[Result "1/2-1/2"]
[ECO "B84"]
[WhiteElo "2347"]
[BlackElo "2243"]
[Annotator "RC"]
[PlyCount "68"]
[EventDate "2024.03.10"]
[EventType "tourn"]
[EventCountry "CZE"]
[SourceTitle "playchess.com"]
[Source "ChessBase"]
[SourceQuality "1"]
[TimeControl "40/5400+30:1800+30"]

1. e4 c5 2. Nf3 e6 3. d4 cxd4 4. Nxd4 Nc6 5. Nc3 d6 6. Be3 Nf6 7. Be2 Be7 8. Qd2 a6 9. O-O-O Qc7 10. g4 O-O 11. g5 Nd7 12. f4 b5 13. Nxc6 Qxc6 14. Bd3 Nc5 15. f5 b4 16. Ne2 b3 17. Kb1 Nxe4 18. Bxe4 Qxe4 19. axb3 Qxf5 20. Rdf1 Qe4 21. Nc3 Qc6 22. h4 Bb7 23. h5 Qg2 24. Qd1 f5 25. gxf6 Rxf6 26. Rfg1 Qf3 27. Qe1 Raf8 28. Bg5 R6f7 29. Bxe7 Rxe7 30. Rf1 Qg4 31. Rxf8+ Kxf8 32. Rf1+ Rf7 33. Rxf7+ Kxf7 34. Qf2+ Ke7 1/2-1/2